 Dungeon Crawl Stone Soup version 0.21.1-1-g345015f (webtiles) character file.

581 Hebeh the Chopper (level 7, 0/64 HPs)
             Began as a Deep Dwarf Fighter on June 17, 2018.
             Slain by an ogre
             ... wielding a +0 giant club
              (15 damage)
             ... on level 4 of the Dungeon.
             The game lasted 00:11:03 (2386 turns).

Hebeh the Chopper (Deep Dwarf Fighter)              Turns: 2386, Time: 00:11:04

Health: 0/64       AC:  6    Str: 22    XL:     7   Next: 14%
Magic:  6/6        EV:  6    Int:  8    God:
Gold:   177        SH:  7    Dex: 12    Spells: 6/6 levels left

rFire    . . .     SeeInvis .   a - +0 war axe
rCold    . . .     Gourm    .   c - +0 shield
rNeg     . . .     Faith    .   b - +0 scale mail
rPois    .         Spirit   .   (no helmet)
rElec    .         Reflect  .   (no cloak)
rCorr    .         Harm     .   (no gloves)
MR       +....                  (no boots)
Stlth    ..........             (no amulet)
HPRegen  0.00/turn              (no ring)
MPRegen  0.10/turn              (no ring)

@: non-regenerating, very heavily drained
A: damage resistance, heal wounds, sense surroundings 1, no regeneration
a: Heal Wounds


You were on level 4 of the Dungeon.
You were not hungry.

You visited 1 branch of the dungeon, and saw 6 of its levels.

You collected 177 gold pieces.

Inventory:

Hand Weapons
 a - a +0 war axe (weapon)
Armour
 b - a +0 scale mail (worn)
 c - a +0 shield (worn)
Jewellery
 r - an uncursed amulet of faith {unknown}
Scrolls
 e - 2 scrolls of identify {unknown}
 h - 3 scrolls of remove curse {unknown}
 l - 2 scrolls of teleportation {unknown}
 o - a scroll of amnesia {unknown}
 q - a scroll of acquirement {unknown}
Potions
 d - a potion of might
 i - 4 potions of curing {unknown}
 j - a potion of haste {unknown}
 k - a potion of heal wounds {unknown}
 m - a potion of resistance {unknown}
 n - 2 potions of flight {unknown}
 p - a potion of brilliance {unknown}
Comestibles
 f - 10 rations


   Skills:
 + Level 4.1(0.0) Fighting
 * Level 5.6(0.7) Axes
 + Level 5.0(0.2) Armour
 + Level 5.0(0.2) Shields


You had 6 spell levels left.
You didn't know any spells.

Dungeon Overview and Level Annotations

Branches:
Dungeon (6/15)
 Temple: D:4-7

Altars:

Shops:
D:6 :


Innate Abilities, Weirdness & Mutations

You are resistant to damage.
You can heal yourself by infusing magical energy.
You passively map a small area around you.
You do not regenerate.


Message History

You are no longer poisoned.
Something hits you.
You feel drained.
You closely miss something.
You hear some strange, mumbled words.
A puff of flame appears from out of thin air!
The puff of flame hits you! Something hits you but does no damage.
You feel drained.
You slash something! Something hits you but does no damage.
You feel drained. Something hits you but does no damage.
You feel drained.
You closely miss something. Something hits you.
You feel drained.
You slash something!
Reactivating autopickup.
Your base Armour skill increases to level 5!
You feel a bit more experienced. The ogre hits you with a giant club!!
* * * LOW HITPOINT WARNING * * *
Things that are here:
a dagger of draining; a robe; a leopard gecko corpse The ogre closely misses you.
The ogre hits you with a giant club!
You die...

...............##.#####r.#.%.....
#...###...............o..##......
#...###..........#.......# ......
##.............#..####.#.##......
.#.............##..........$.#...
...8...#+#...........#!.....#####
.#.....#_#.....##...........#
##†...#*#...[.##O).........#
#.............#@.)###......#
...8..............## #......#
.#...............## #......#
###............### #......#
.........?...* #......#
.8......##### #......# , **
########


You could see an ogre.

Vanquished Creatures
  A phantom (D:4)
  2 scorpions (D:4)
  A crimson imp (D:6)
  2 orc priests (D:5)
  A hound (D:6)
  A bullfrog skeleton (D:4)
  2 orc wizards
  2 worker ants
  Terence (D:2)
  Robin (D:2)
  3 adders
  An adder zombie (D:5)
  A worm (D:2)
  3 dart slugs
  3 leopard geckos
  3 orcs
  4 bats
  4 giant cockroaches
  16 goblins
  5 hobgoblins
  6 kobolds (D:1)
  2 quokkas
  A ball python (D:2)
  7 frilled lizards
  3 jackal skeletons
  A quokka skeleton (D:4)
  7 rats
84 creatures vanquished.

Notes
Turn   | Place    | Note
-------+----------+-------------------------------------------
     0 | D:1      | Hebeh the Deep Dwarf Fighter began the quest for the Orb.
     0 | D:1      | Reached XP level 1. HP: 20/20 MP: 1/1
    63 | D:1      | Reached XP level 2. HP: 22/27 MP: 2/2
   730 | D:2      | Noticed Robin
   732 | D:2      | Reached XP level 3. HP: 18/34 MP: 3/3
   752 | D:2      | Killed Robin
   915 | D:2      | Reached XP level 4. HP: 32/42 MP: 4/4
  1159 | D:2      | Noticed Terence
  1175 | D:2      | Killed Terence
  1440 | D:4      | Reached XP level 5. HP: 17/49 MP: 5/5
  1492 | D:4      | Noticed a phantom
  1556 | D:4      | Killed a phantom
  1556 | D:4      | Reached XP level 6. HP: 23/57 MP: 6/6
  1627 | D:5      | Entered Level 5 of the Dungeon
  1965 | D:5      | Reached skill level 5 in Axes
  2275 | D:6      | Found Beang's Book Shoppe.
  2288 | D:6      | Reached XP level 7. HP: 36/64 MP: 7/7
  2367 | D:4      | Reached skill level 5 in Shields
  2383 | D:4      | Reached skill level 5 in Armour
  2386 | D:4      | Slain by an ogre

Skill      XL: |  1  2  3  4  5  6  7 |
---------------+----------------------+-----
Fighting       | 3 4 |  4.1
Axes           | 3 4 5 |  5.6
Shields        | 4 5 |  5.0
Armour         | 4 5 |  5.0

Action                   |  1- 3 |  4- 6 |  7- 9 || total
-------------------------+-------+-------+-------++-------
Melee: War axe           |    99 |   146 |    21 ||   266
 Abil: Heal Wounds       |     1 |     3 |     1 ||     5
  Eat: Chunk             |       |     5 |       ||     5
Armor: Scale mail        |    49 |    50 |    16 ||   115
Dodge: Dodged            |    35 |    38 |     8 ||    81
Block: Shield            |    67 |    64 |     8 ||   139
